 Dungeon Crawl Stone Soup version 0.20.1-1-g8b1a95d (webtiles) character file.

121 vimrick the Chopper (level 5, -1/45 HPs)
             Began as a Ghoul Fighter on Sept 21, 2017.
             Killed from afar by Natasha (6 damage)
             ... with a magic dart
             ... on level 2 of the Dungeon.
             The game lasted 00:03:55 (1215 turns).

vimrick the Chopper (Ghoul Fighter)                 Turns: 1215, Time: 00:03:56

Health: -1/45      AC:  6    Str: 25    XL:     5   Next: 5%
Magic:  4/4        EV:  7    Int:  4    God:
Gold:   78         SH:  9    Dex:  8    Spells: 4/4 levels left

rFire    . . .     SeeInvis .   a - +0 war axe
rCold    + . .     Gourm    .   c - +0 shield
rNeg     + + +     Faith    .   b - +0 scale mail
rPois    ∞         Spirit   .   (no helmet)
rElec    .         Reflect  .   (no cloak)
rCorr    .         Harm     .   (no gloves)
MR       .....                  (no boots)
Stlth    ..........             (no amulet)
Regen    0.0/turn               (no ring)
MPRegen  0.1/turn               (no ring)

@: mighty, rotting, slowed, very slow
A: rotting body, claws 1, carnivore 3, cold resistance 1, negative energy
resistance 3, inhibited regeneration, torment resistance, unbreathing
a: no special abilities


You were on level 2 of the Dungeon.
You were not hungry.

You visited 1 branch of the dungeon, and saw 2 of its levels.

You collected 78 gold pieces.

Inventory:

Hand Weapons
 a - a +0 war axe (weapon)
Armour
 b - a +0 scale mail (worn)
 c - a +0 shield (worn)
Scrolls
 h - a scroll of immolation {unknown}
 i - a scroll of amnesia {unknown}
 l - 2 scrolls of teleportation {unknown}
 n - a scroll of identify {unknown}
 o - a scroll of enchant weapon {unknown}
Potions
 e - a potion of cancellation {unknown}
 g - a potion of lignification {unknown}
 k - a potion of curing {unknown}
 m - a potion of invisibility {unknown}
 p - 3 potions of heal wounds {unknown}
 q - a potion of brilliance {unknown}
Comestibles
 f - a meat ration
 j - 7 chunks of flesh


   Skills:
 - Level 3.2 Fighting
 + Level 4.5 Axes
 - Level 2.6 Armour
 - Level 2.6 Shields


You had 4 spell levels left.
You didn't know any spells.

Dungeon Overview and Level Annotations

Branches:
Dungeon (2/15)

Altars:

Annotations:
D:2 Natasha


Innate Abilities, Weirdness & Mutations

Your body is rotting away.
You thrive on raw meat.
You are immune to poison.
You have sharp fingernails.
You are carnivorous and can eat meat at any time.
Your flesh is cold resistant. (rC+)
You are immune to negative energy. (rN+++)
You do not regenerate when monsters are visible.
You are immune to unholy pain and torment.
You can survive without breathing.


Message History

You closely miss the iron imp. You block Natasha's attack.
The iron imp hits you but does no damage.
You block Natasha's attack.
You closely miss Natasha.
Natasha is moderately wounded.
Your shield and scale mail prevent you from hitting the iron imp.
Natasha casts a spell at you.
You feel yourself slow down. The iron imp hits you!
* * * LOW HITPOINT WARNING * * *
You barely miss Natasha.
Natasha is moderately wounded.
You closely miss the iron imp. Natasha barely misses you.
You block the iron imp's attack. Natasha claws you but does no damage.
The iron imp hits you but does no damage.
You miss Natasha.
Natasha is moderately wounded.
You completely miss the iron imp. Natasha casts a spell at you.
The magic dart hits you!
You die...

#......##
#.#.... ...
#......#
#..###..
#####.)#####....
. #........###
..
#........###...
#.............
##....÷.....##
...........###
###......@h#
#..#...5.......
#..####........
#.. ......##! #.
..###.# .... .#
.... # .....


You could see an iron imp and Natasha.

Vanquished Creatures
  Jessica (D:2)
  Natasha (D:2)
  An adder (D:2)
  An ooze (D:2)
  A worm (D:1)
  A dart slug (D:1)
  7 bats (D:1)
  2 giant cockroaches
  10 goblins
  7 hobgoblins
  2 jackals (D:1)
  7 kobolds
  A quokka (D:2)
  2 ball pythons
  2 frilled lizards
  2 rats
48 creatures vanquished.

Notes
Turn   | Place    | Note
-------+----------+-------------------------------------------
     0 | D:1      | vimrick the Ghoul Fighter began the quest for the Orb.
     0 | D:1      | Reached XP level 1. HP: 19/19 MP: 0/0
    33 | D:1      | Reached skill level 2 in Axes
   120 | D:1      | Reached XP level 2. HP: 26/26 MP: 1/1
   457 | D:1      | Reached skill level 3 in Axes
   460 | D:1      | Reached XP level 3. HP: 25/31 MP: 2/2
   904 | D:2      | Noticed Natasha
   920 | D:2      | Killed Natasha
   920 | D:2      | Reached XP level 4. HP: 10/38 MP: 3/3
  1100 | D:2      | Reached skill level 4 in Axes
  1149 | D:2      | Noticed Jessica
  1154 | D:2      | Killed Jessica
  1159 | D:2      | Reached XP level 5. HP: 32/45 MP: 4/4
  1199 | D:2      | Noticed Natasha
  1215 | D:2      | Killed from afar by Natasha

Skill      XL: |  1  2  3  4 |
---------------+-------------+-----
Axes           | 2 3 4 |  4.5
Fighting       | |  3.2
Armour         | |  2.6
Shields        | |  2.6

Action                   |  1- 3 |  4- 6 || total
-------------------------+-------+-------++-------
Melee: War axe           |   102 |    45 ||   147
  Use: Potion            |       |     1 ||     1
  Eat: Chunk             |     2 |     1 ||     3
Armor: Scale mail        |    55 |    16 ||    71
Dodge: Dodged            |    31 |    11 ||    42
Block: Shield            |    58 |    21 ||    79
